 Dungeon Crawl Stone Soup version 0.29-a0-1027-gcd8c55af63 (webtiles) character file.

Game seed: 13132335217556137110

19160 snetch the Cleaver (level 12, -9/112 HPs)
             Began as a Minotaur Berserker on Aug 11, 2022.
             Was an Elder of Trog.
             Shot with an arrow by a centaur warrior (14 damage)
             ... on level 13 of the Dungeon on Aug 12, 2022.
             The game lasted 00:44:15 (15283 turns).

snetch the Cleaver (Minotaur Berserker)            Turns: 15283, Time: 00:44:15

Health: -9/112     AC: 16    Str: 26    XL:     12   Next: 34%
Magic:  11/11      EV: 12    Int:  4    God:    Trog [****..]
Gold:   866        SH:  4    Dex: 11    Spells: 11/11 levels left

rFire   + . .      SeeInvis .   b - +1 flail
rCold   . . .      Faith    .   P - +0 buckler
rNeg    . . .      Spirit   .   E - +3 scale mail {rF+}
rPois   .          Reflect  .   (helmet restricted)
rElec   .          Harm     .   (no cloak)
rCorr   .          Rampage  .   l - +0 pair of gloves
Will    +....                   y - +1 pair of boots
Stlth   ..........              (no amulet)
HPRegen 0.28/turn               F - ring of willpower
MPRegen 0.12/turn               (no ring)

@: no status effects
A: horns 2, retaliatory headbutt
a: Renounce Religion, Berserk, Trog's Hand, Brothers in Arms


You were on level 13 of the Dungeon.
You worshipped Trog.
Trog was greatly pleased with you.
You visited 2 branches of the dungeon, and saw 14 of its levels.
You also visited: Bailey.

You collected 866 gold pieces.

Inventory:

Hand Weapons
 a - a +0 hand axe
 b - a +1 flail (weapon)
 c - a +0 trident
 M - the +8 Vampire's Tooth {vamp}
   (You found it in a bailey)

   It occasionally heals its wielder for the full amount of damage dealt when it
   wounds a living foe.
 Z - the +9 long sword of the Countless Moons {vorpal, +Blink Dex+4 Stlth+}
   (You found it on level 9 of the Dungeon)

   It inflicts extra damage upon your enemies.
   Dex:       It affects your dexterity (+4).
   +Blink:    It lets you blink.
   Stlth:     It makes you more stealthy.
Missiles
 g - 16 poisoned darts
 j - 104 stones
 v - 11 boomerangs (quivered)
 T - 3 curare-tipped darts
 X - 6 javelins
Armour
 l - a +0 pair of gloves (worn)
 y - a +1 pair of boots (worn)
 E - a +3 scale mail of fire resistance (worn)
 L - +0 ice dragon scales
 P - a +0 buckler (worn)
Jewellery
 F - a ring of willpower (left hand)
 U - a ring of fire
Wands
 f - a wand of flame (3)
 t - a wand of paralysis (7)
 D - a wand of polymorph (8)
 G - a wand of mindburst (18)
 Q - a wand of roots (17)
Scrolls
 k - 3 scrolls of enchant weapon {unknown}
 m - 3 scrolls of poison {unknown}
 n - 3 scrolls of fear
 o - 5 scrolls of teleportation {unknown}
 q - 4 scrolls of amnesia {unknown}
 u - a scroll of immolation
 A - 2 scrolls of fog
 H - a scroll of blinking
 S - 2 scrolls of enchant armour
Potions
 e - 6 potions of heal wounds {unknown}
 h - 3 potions of curing
 p - a potion of ambrosia
 r - 6 potions of flight {unknown}
 s - 3 potions of resistance
 w - a potion of magic {unknown}
 x - 3 potions of attraction
 z - 3 potions of cancellation
 C - 3 potions of mutation {unknown}
 J - 2 potions of lignification
 O - 6 potions of might


   Skills:
 + Level 12.2 Fighting
 - Level 12.9(14.1) Axes
 + Level 9.5(12.5) Maces & Flails
 + Level 2.7 Throwing
 + Level 12.2 Armour
 + Level 6.3 Dodging
 + Level 2.2 Stealth
 + Level 3.8 Shields
 + Level 0.3 Evocations


You had 11 spell levels left.
You didn't know any spells.
Your spell library contained the following spells:

 Spells                   Type           Power      Damage    Failure   Level
 Magic Dart               Conj           0%         1d3       80%         1
 Slow                     Hex            0%         N/A       80%         1
 Call Imp                 Summ           0%         N/A       91%         2
 Ensorcelled Hibernation  Hex/Ice        0%         N/A       91%         2
 Passwall                 Tmut/Erth      0%         N/A       91%         2
 Searing Ray              Conj           0%         2d4       91%         2
 Static Discharge         Conj/Air       0%         3-3/arc   91%         2
 Confusing Touch          Hex            0%         N/A       99%         3
 Mephitic Cloud           Conj/Pois/Air  0%         N/A       99%         3
 Swiftness                Air            0%         N/A       99%         3
 Vampiric Draining        Necr           0%         2d6       99%         3
 Animate Dead             Necr           0%         N/A       100%        4
 Dispel Undead            Necr           0%         3d6       100%        4
 Fulminant Prism          Conj/Hex       0%         3d6       100%        4
 Sticky Flame             Conj/Fire      0%         2d3       100%        4
 Alistair's Intoxication  Tmut/Pois      0%         N/A       100%        5
 Borgnjor's Vile Clutch   Necr/Erth      0%         N/A       100%        5
 Freezing Cloud           Conj/Ice/Air   0%         6-21      100%        5
 Eringya's Noxious Bog    Tmut/Pois      0%         N/A       100%        6
 Simulacrum               Ice/Necr       0%         N/A       100%        6
 Haunt                    Necr/Summ      0%         N/A       100%        7
 Infestation              Necr           0%         N/A       100%        8
 Polar Vortex             Ice            0%         N/A       100%        9


Dungeon Overview and Level Annotations

Branches:
Dungeon (13/15)            Temple (1/1) D:5            Lair (0/5) D:10
    Orc (0/2) D:10         Bailey (visited)
 Vaults: D:13-14

Altars:
Ashenzari
Cheibriados
Dithmenos
Elyvilon
Fedhas
Gozag
Hepliaklqana
Kikubaaqudgha
Makhleb
Nemelex Xobeh
Okawaru
Qazlal
Ru
Sif Muna
Trog
Uskayaw
Vehumet
Wu Jian
Xom
Yredelemnul
Zin
The Shining One

Annotations:
D:3 loot behind glass
D:11 loot behind lava


Innate Abilities, Weirdness & Mutations

You have a pair of horns on your head.
You reflexively headbutt those who attack you in melee.


Message History

There is a stone staircase leading up here.
You climb upwards.
There is a stone staircase leading down here.
There is a stone staircase leading down here.
You climb downwards.
Found 8 stones.
There is a stone staircase leading up here.
A cyclops comes into view.
The cyclops throws a large rock.
The large rock completely misses you.
Found a potion of might.
The cyclops throws a large rock.
The large rock hits you!!
A centaur warrior comes into view.
The centaur warrior shouts!
The centaur warrior wields a +0 shortbow.
The centaur warrior shoots an arrow.
The arrow hits you. You block the cyclops's attack.
You hit the cyclops. You headbutt the cyclops!
The cyclops is moderately wounded.
The centaur warrior shoots an arrow.
The arrow hits you!
The centaur warrior shoots an arrow.
The arrow hits you.
You hit the cyclops.
The cyclops is moderately wounded.
The cyclops misses you. You furiously retaliate!
You headbutt the cyclops!
The centaur warrior shoots an arrow.
The arrow hits you!
You thump the cyclops!
The cyclops is almost dead.
The centaur warrior shoots an arrow.
The arrow hits you!
* * * LOW HITPOINT WARNING * * *
You sock the cyclops!
You kill the cyclops!
Trog accepts your kill.
The centaur warrior shoots an arrow.
The arrow barely misses you.
The centaur warrior shoots an arrow.
You block the arrow.
The centaur warrior shoots an arrow.
The arrow hits you!!
* * * LOW HITPOINT WARNING * * *
Things that are here:
3 large rocks; a cyclops corpse The centaur warrior shoots an arrow.
The arrow misses you.
The centaur warrior shoots an arrow.
The arrow hits you!
You die...

.........<.......
.................
............c.....
............#.....
..................
..#####.........#
. #(.......##
#...#....#
#..@#....#
......##.....#
.....###.....#
..... #!...##
..... #....# .....
.....# .## .....#
...... ##......


You could see a centaur warrior.

Vanquished Creatures
  Josephine (D:11)
  A boulder beetle (D:12)
  A hydra (D:11)
  2 two-headed ogres (D:8)
  A death yak (D:10)
  Pikel (D:6)
  4 lindwurms (D:11)
  3 cyclopes
  An elephant (D:10)
  A gargoyle (Bailey)
  Maggie (D:7)
  A komodo dragon (D:11)
  2 kobold demonologists (D:9)
  2 trolls
  A hornet (D:8)
  A vampire (Bailey)
  A shadow (D:12)
  6 wraiths
  A wyvern (D:11)
  9 vampire mosquitoes
  4 yaks (D:9)
  An acid dragon (D:9)
  A water moccasin (D:9)
  7 black bears
  2 sky beasts
  8 orc warriors
  3 ice beasts
  4 ogres
  5 boggarts (D:10)
  9 centaurs
  Blork the orc (D:5)
  A phantom (D:5)
  5 kobold brigands
  2 necrophages (D:7)
  3 bullfrogs
  2 gnoll sergeants
  2 scorpions
  3 wights (D:9)
  5 killer bees (D:11)
  7 vampire bats (Bailey)
  5 wolf zombies (Bailey)
  10 howler monkeys
  7 hounds
  A gnoll bouda (D:8)
  A jelly (D:4)
  6 orc priests
  Natasha (thrice) (D:2)
  4 iguanas
  10 orc wizards
  8 gnolls
  6 adders
  3 shadow imps
  An ufetubus (D:5)
  A worm (D:2)
  2 dart slugs (D:3)
  40 orcs
  2 bats (D:3)
  8 endoplasms
  2 giant cockroaches
  5 goblins
  5 hobgoblins
  A quokka (D:4)
  5 ball pythons
  4 frilled lizards
  21 kobolds
  23 orc zombies (Bailey)
  3 rats
303 creatures vanquished.

Vanquished Creatures (others)
  14 plants
14 creatures vanquished.

Grand Total: 317 creatures vanquished

Notes
Turn   | Place    | Note
-------+----------+-------------------------------------------
     0 | D:1      | snetch the Minotaur Berserker began the quest for the Orb.
     0 | D:1      | Reached XP level 1. HP: 19/19 MP: 0/0
   182 | D:1      | You fall into a shaft and drop 1 floor!
   474 | D:1      | Reached XP level 2. HP: 10/27 MP: 1/1
  1318 | D:2      | Found a faded altar of an unknown god.
  1424 | D:2      | Reached XP level 3. HP: 33/33 MP: 2/2
  1657 | D:2      | Noticed Natasha
  1664 | D:2      | Killed Natasha
  1803 | D:2      | Noticed Natasha
  1814 | D:2      | Killed Natasha
  1815 | D:2      | Reached XP level 4. HP: 25/40 MP: 3/3
  2140 | D:2      | Noticed Natasha
  2150 | D:2      | Killed Natasha
  2151 | D:2      | Reached skill level 5 in Axes
  2491 | D:3      | Reached XP level 5. HP: 25/46 MP: 4/4
  2782 | D:3      | Reached ** piety under Trog
  2930 | D:3      | Found a sacrificial altar of Ru.
  3027 | D:3      | Reached XP level 6. HP: 53/53 MP: 5/5
  3303 | D:4      | Identified the +1 robe "Rulucs" {rC++ Str+4}
  3330 | D:4      | Reached skill level 5 in Armour
  3523 | D:5      | Entered Level 5 of the Dungeon
  3645 | D:4      | Reached skill level 5 in Fighting
  3711 | D:4      | Reached XP level 7. HP: 59/61 MP: 6/6
  4082 | D:4      | Found a hazy altar of Hepliaklqana.
  4082 | D:4      | Found a glowing silver altar of Zin.
  4323 | D:4      | Identified the +2 robe of Asceticism {rC++ rN+ Int+3}
  4688 | D:5      | Found a staircase to the Ecumenical Temple.
  4711 | Temple   | Entered the Ecumenical Temple
  4711 | Temple   | Found a transporter.
  4711 | Temple   | Found a transporter.
  4714 | Temple   | Found a transporter.
  4714 | Temple   | Found a transporter.
  5194 | D:5      | Reached XP level 8. HP: 70/70 MP: 7/7
  5218 | D:5      | Noticed Blork the orc
  5233 | D:5      | Killed Blork the orc
  5973 | D:6      | Reached *** piety under Trog
  6237 | D:6      | Reached skill level 10 in Axes
  6237 | D:6      | Reached skill level 1 in Throwing
  6237 | D:6      | Reached XP level 9. HP: 60/79 MP: 8/8
  6348 | D:6      | Noticed Pikel
  6380 | D:6      | Killed Pikel
  7261 | D:7      | Noticed Maggie
  7288 | D:7      | Killed Maggie
  7289 | D:7      | Reached skill level 1 in Maces & Flails
  7289 | D:7      | Reached skill level 1 in Stealth
  7632 | D:7      | Reached **** piety under Trog
  8358 | D:8      | Noticed a two-headed ogre
  8375 | D:8      | Killed a two-headed ogre
  8376 | D:8      | Reached XP level 10. HP: 11/90 MP: 9/9
  8805 | D:9      | Identified the +9 long sword of the Countless Moons
                  | {vorpal, +Blink Dex+4 Stlth+}
  8866 | D:9      | Reached skill level 5 in Maces & Flails
  8888 | D:9      | Reached skill level 10 in Armour
  8919 | D:9      | Found a flagged portal.
  9005 | Bailey   | Entered a bailey
  9220 | Bailey   | Reached ***** piety under Trog
  9352 | Bailey   | Noticed a gargoyle
  9370 | Bailey   | Killed a gargoyle
  9773 | Bailey   | Identified the +4 leather armour of the Pleiades {Str+5}
  9807 | Bailey   | Found the +8 Vampire's Tooth {vamp}
 10137 | Bailey   | Reached skill level 1 in Shields
 10346 | D:9      | Noticed a sixfirhy
 10356 | D:9      | Received a gift from Trog
 10499 | D:7      | Upgraded the game from 0.29-a0-1023-g6ae1a4a2c7 to
                  | 0.29-a0-1027-gcd8c55af63
 11198 | D:8      | Noticed a two-headed ogre
 11212 | D:8      | Killed a two-headed ogre
 11213 | D:8      | Reached XP level 11. HP: 84/99 MP: 10/10
 11697 | D:10     | Entered Level 10 of the Dungeon
 11716 | D:10     | Reached skill level 10 in Fighting
 12498 | D:11     | Noticed a lindwurm
 12502 | D:11     | Noticed a lindwurm
 12509 | D:11     | Noticed a lindwurm
 12511 | D:11     | Noticed a lindwurm
 12587 | D:11     | Killed a lindwurm
 12595 | D:11     | Killed a lindwurm
 12614 | D:11     | Killed a lindwurm
 12632 | D:11     | Killed a lindwurm
 12677 | D:11     | Reached skill level 5 in Dodging
 13000 | D:11     | Identified the +3 rapier of Caarchogo {flame, *Slow rPois
                  | rCorr Str+4}
 13031 | D:11     | Noticed Josephine
 13047 | D:11     | Killed Josephine
 13597 | D:10     | Noticed a death yak
 13633 | D:10     | Killed a death yak
 13634 | D:10     | Reached XP level 12. HP: 26/111 MP: 11/11
 13942 | D:10     | Found a staircase to the Lair.
 14143 | D:10     | Found a staircase to the Orcish Mines.
 14402 | D:11     | Noticed a seven-headed hydra
 14410 | D:11     | Killed a seven-headed hydra
 15042 | D:12     | Noticed a boulder beetle
 15059 | D:12     | Killed a boulder beetle
 15074 | D:12     | HP: 3/112 [vampire mosquito (7)]
 15274 | D:13     | Noticed a centaur warrior
 15281 | D:13     | HP: 5/112 [centaur warrior/arrow (23)]
 15283 | D:13     | Shot with an arrow by a centaur warrior

Illustrated notes

Levels and vault maps discovered:
D:1:      denvon_arrival_planthouse, layout_loops_cross
D:2:      layout_basic, shapermc_ecumenical_altar_hornbeckon, uniq_natasha
D:3:      layout_loops_cross, nicolae_ru_great_annihilating_truth,
          due_unseen_surprise
D:4:      layout_cave_pools, jmf_multi_god_temple, minmay_puff
D:5:      layout_loops_cross, minmay_temple_entry_sparse_star,
          uniq_blork_the_orc
D:6:      layout_basic, minmay_diced_spiral, uniq_pikel
D:7:      layout_basic, serial_curves, eino_curves_03, eino_curves_03,
          hangedman_abyss_or_decor_stagger, uniq_maggie
D:8:      layout_gridville
D:9:      layout_rooms, enter_bailey_4, nicolae_zen_rock_garden
D:10:     layout_roguey, david_lair_generic, orc_0_dummy
D:11:     layout_rooms, minmay_lindwurm_lava, uniq_josephine
D:12:     layout_cave_pools, led_xom_imps
D:13:     minmay_bubble_buster, layout_cross, david_vaults_2,
          roderic_three_in_a_row, uniq_urug
Temple:   hellmonk_temple_divided_pantheon

Skill      XL: |  1  2  3  4  5  6  7  8  9 10 11 12 |
---------------+-------------------------------------+-----
Axes           | 4 5 6 7 8 10 11 12 | 12.9
Armour         | 3 4 5 6 8 9 11 12 | 12.2
Fighting       | 4 5 7 8 9 11 12 | 12.2
Throwing       | 1 2 |  2.7
Maces & Flails | 4 8 9 |  9.5
Stealth        | 1 2 |  2.2
Dodging        | 3 4 5 6 |  6.3
Shields        | 2 3 |  3.8
Evocations     | |  0.3

Action                   |  1- 3 |  4- 6 |  7- 9 | 10-12 || total
-------------------------+-------+-------+-------+-------++-------
Melee: Hand axe          |    81 |    97 |   245 |   192 ||   615
       Headbutt          |    10 |    12 |    84 |   124 ||   230
       Punch             |     1 |     1 |     3 |       ||     5
       Whip              |       |       |   102 |   314 ||   416
       Flail             |       |       |       |    93 ||    93
 Fire: Arbalest          |       |       |       |    49 ||    49
Throw: Stone             |     3 |     1 |    12 |     4 ||    20
       Dart              |       |       |       |    11 ||    11
       Boomerang         |       |       |       |     1 ||     1
Invok: Berserk           |     1 |       |     2 |     8 ||    11
       Trog's Hand       |       |       |       |     6 ||     6
Evoke: Wand              |       |       |       |     3 ||     3
  Use: Potion            |       |     1 |       |     1 ||     2
       Scroll            |       |       |       |    11 ||    11
 Stab: Paralysed         |       |     1 |       |       ||     1
Armor: Plate armour      |    44 |    80 |    92 |       ||   216
       Animal skin       |     1 |       |       |       ||     1
       Scale mail        |       |       |    76 |   299 ||   375
       Skin              |       |       |     6 |       ||     6
Dodge: Dodged            |    23 |    35 |   140 |   337 ||   535
Block: Buckler           |       |       |     7 |    97 ||   104

Table legend: (Time is in decaauts)
 A = Elapsed time spent in this place.
 B = Non-inter-level travel time spent in this place.
 C = Inter-level travel time spent in this place.
 D = Time resting spent in this place.
 E = Time spent auto-exploring this place.
 F = Levels seen in this place.
 G = Mean time per level.
                   A        B        C        D        E       F      G
               +--------+--------+--------+--------+--------+-----+--------+
         Total |  15236 |  14483 |    753 |    273 |  10293 |  15 | 1015.7 |
       Dungeon |  13939 |  13186 |    753 |    271 |   9289 |  13 | 1072.2 |
        Temple |     82 |     82 |      0 |      0 |     27 |   1 |   82.0 |
        Bailey |   1213 |   1213 |      0 |      1 |    977 |   1 | 1213.0 |
               +--------+--------+--------+--------+--------+-----+--------+

Top non-repeatable levels by time:
     D:8: 1637 daAuts
    D:11: 1488 daAuts
     D:2: 1430 daAuts
     D:5: 1303 daAuts
     D:7: 1297 daAuts
     D:4: 1251 daAuts
     D:9: 1247 daAuts
  Bailey: 1213 daAuts
    D:10: 1060 daAuts
     D:3: 1029 daAuts
     D:6: 953 daAuts
     D:1: 876 daAuts
    D:12: 350 daAuts
  Temple: 82 daAuts
    D:13: 14 daAuts
